 Dungeon Crawl Stone Soup version 0.30.0-19-g36f170ea60 (webtiles) character file.

Game seed: 12252114622319993166

536 Sabo the Trooper (level 7, 0/56 HPs)
             Began as a Demonspawn Berserker on May 28, 2023.
             Was a Believer of Trog.
             Slain by an orc wizard
             ... wielding a +0 dagger
              (2 damage)
             ... on level 4 of the Dungeon.
             The game lasted 00:18:32 (4308 turns).

Sabo the Trooper (Demonspawn Berserker)             Turns: 4308, Time: 00:18:33

Health: 0/56       AC:  7    Str: 19    XL:     7   Next: 4%
Magic:  7/7        EV: 10    Int:  9    God:    Trog [**....]
Gold:   120        SH:  0    Dex: 12    Spells: 6/6 levels left

rFire   . . .        s - +0 executioner's axe
rCold   . . .        (shield currently unavailable)
rNeg    . . .        o - +0 scale mail
rPois   .            (helmet restricted)
rElec   .            (no cloak)
rCorr   +            (no gloves)
SInv    .            (no boots)
Will    .....        i - amulet of the acrobat Stlth
                     q - ring of resist corrosion
HPRegen 0.29/turn    (no ring)
MPRegen 0.10/turn

%: acrobat
@: mighty, on berserk cooldown, slowed, very slow
A: antennae 2, rugged brown scales 1, ignite blood 2
a: Renounce Religion, Berserk, Trog's Hand


You were on level 4 of the Dungeon.
You worshipped Trog.
Trog was pleased with you.
You visited 1 branch of the dungeon, and saw 4 of its levels.

You collected 120 gold pieces.

Inventory:

Hand Weapons
 a - a +2 scythe of distortion
 d - a +0 sling
 f - a +2 vampiric dagger
 h - a +1 rapier of holy wrath
 n - a +0 glaive
 s - a +0 executioner's axe (weapon)
 t - a +0 flail of protection
Missiles
 l - 17 poisoned darts (quivered)
Armour
 o - a +0 scale mail (worn)
Jewellery
 i - an amulet of the acrobat (around neck)
 q - a ring of resist corrosion (left hand)
Scrolls
 c - a scroll of fog {unknown}
 p - a scroll of blinking
 r - a scroll of teleportation {unknown}
Potions
 b - 2 potions of resistance {unknown}
 e - 2 potions of might
 g - 2 potions of flight {unknown}
 j - 2 potions of curing {unknown}
 k - a potion of mutation {unknown}
 m - 2 potions of berserk rage {unknown}


   Skills:
 + Level 4.5 Fighting
 + Level 4.2(4.6) Axes
 + Level 2.8(4.0) Polearms
 + Level 3.5 Armour
 + Level 2.7 Dodging
 + Level 0.8 Stealth


You had 6 spell levels left.
You didn't know any spells.
Your spell library was empty.

Dungeon Overview and Level Annotations

Branches:
Dungeon (4/15)
 Temple: D:4-7

Altars:
Ashenzari
Nemelex Xobeh

Shops:
D:1 !   D:3 ?


Innate Abilities, Weirdness & Mutations

You have a pair of antennae on your head.
You are partially covered in rugged brown scales. (AC +1, +3% HP)
Your demonic aura often causes spilled blood to erupt in flames.


Message History

You closely miss something.
You are no longer berserk.
You are exhausted.
You feel yourself slow down.
You hear some strange, mumbled words.
A magic dart appears from out of thin air!
The magic dart hits you.
You closely miss something.
You hear some strange, mumbled words.
A magic dart appears from out of thin air!
The magic dart hits you!
* * * LOW HITPOINT WARNING * * *
Something hits you.
* * * LOW HITPOINT WARNING * * *
You hear some strange, mumbled words.
A magic dart appears from out of thin air!
The magic dart hits you.
* * * LOW HITPOINT WARNING * * *
It was a potion of might.
You feel very mighty all of a sudden. Something hits you.
* * * LOW HITPOINT WARNING * * *
You barely miss something.
Something hits you but does no damage. x2
You barely miss something. Something hits you but does no damage.
You hear some strange, mumbled words.
You are confused.
Something hits you.
* * * LOW HITPOINT WARNING * * *
Something closely misses you. Something barely misses you.
You closely miss something. Something hits you.
* * * LOW HITPOINT WARNING * * *
Something hits you but does no damage.
You feel less confused. Something hits you.
* * * LOW HITPOINT WARNING * * *
You barely miss something. Something hits you.
* * * LOW HITPOINT WARNING * * *
Something hits you but does no damage.
You miss something. Something hits you.
You die...

..#.###......).##.####
...........#..###....#
.#####.....##.....)..#
.....#..?..####.....##
..?(.##...## ##.##.#
.##....)..# ######
......)..## ......){##
...###.@.# .##.....##
.....#.## #..(.## ##..
###


There were no monsters in sight!

Vanquished Creatures
  Sigmund (D:4)
  Edmund (D:4)
  2 hounds (D:4)
  2 orc priests
  An orc wizard (D:3)
  A gnoll (D:1)
  4 adders
  2 worms
  A dart slug (D:1)
  8 orcs
  3 endoplasms (D:1)
  4 giant cockroaches
  9 goblins
  8 hobgoblins
  3 quokkas
  7 ball pythons
  A bat (D:1)
  5 frilled lizards
  6 kobolds
  4 rats
73 creatures vanquished.

Notes
Turn   | Place    | Note
-------+----------+-------------------------------------------
     0 | D:1      | Sabo the Demonspawn Berserker began the quest for the Orb.
     0 | D:1      | Reached XP level 1. HP: 18/18 MP: 1/1
   560 | D:1      | Gained mutation: Your demonic aura sometimes causes spilled
                  | blood to erupt in flames. [demonic ancestry]
   560 | D:1      | Reached XP level 2. HP: 13/24 MP: 2/2
   972 | D:1      | Reached XP level 3. HP: 27/29 MP: 3/3
  1092 | D:1      | Found Roaseeb's Distillery.
  1432 | D:2      | Reached ** piety under Trog
  2609 | D:3      | Found Diupraag's Magic Scroll Shoppe.
  2824 | D:3      | Found a broken altar of Ashenzari.
  2910 | D:3      | Gained mutation: You have a pair of small antennae on your
                  | head. [demonic ancestry]
  2910 | D:3      | Reached XP level 4. HP: 21/36 MP: 4/4
  2987 | D:3      | Reached skill level 1 in Polearms
  3354 | D:3      | Found a faded altar of an unknown god.
  3423 | D:3      | Gained mutation: You have a pair of antennae on your head.
                  | [demonic ancestry]
  3423 | D:3      | Reached XP level 5. HP: 34/42 MP: 5/5
  3727 | D:3      | Found a sparkling altar of Nemelex Xobeh.
  3901 | D:4      | Noticed Edmund
  3915 | D:4      | Killed Edmund
  3939 | D:4      | Gained mutation: You are partially covered in rugged brown
                  | scales. (AC +1, +3% HP) [demonic ancestry]
  3939 | D:4      | Reached XP level 6. HP: 30/49 MP: 6/6
  4010 | D:4      | Noticed Sigmund
  4017 | D:4      | Killed Sigmund
  4289 | D:4      | Gained mutation: Your demonic aura often causes spilled
                  | blood to erupt in flames. [demonic ancestry]
  4289 | D:4      | Reached XP level 7. HP: 44/56 MP: 7/7
  4307 | D:4      | HP: 2/56 [something (2)]
  4308 | D:4      | Slain by an orc wizard

Illustrated notes

Levels and vault maps discovered:
D:1:      saegor_arrival_fortress, layout_basic, serial_shops,
          nicolae_shop_just_a_little_nook, chequers_serial_rivers_room_a
D:2:      layout_basic, kennysheep_small_spiral, minmay_pentomino_u2
D:3:      minmay_skewed_foursquare, layout_loops_ring,
          mainiacjoe_overflow_alcove_2, lemuel_coloured_pillars_altar,
          serial_shops, shop, hellmonk_ecumenical_altar_pennies_from_heaven,
          hangedman_feature_mirror
D:4:      layout_cave_pools, temple_fountains, uniq_sigmund, uniq_robin,
          uniq_crazy_yiuf_cottage, uniq_edmund

Skill      XL: |  1  2  3  4  5  6 |
---------------+-------------------+-----
Axes           | 3 4 |  4.2
Dodging        | 2 |  2.7
Armour         | 2 3 |  3.5
Polearms       | 1 2 |  2.8
Fighting       | 4 |  4.5
Stealth        | |  0.8

Action                     |  1- 3 |  4- 6 |  7- 9 || total
---------------------------+-------+-------+-------++-------
  Melee: Hand axe          |   121 |       |       ||   121
         Punch             |     4 |       |       ||     4
         Glaive            |    40 |    60 |       ||   100
         Executioner's axe |       |    59 |    17 ||    76
 Invoke: Berserk           |     2 |     4 |       ||     6
    Use: Scroll            |     3 |       |       ||     3
         Potion            |       |       |     1 ||     1
   Stab: Sleeping          |     1 |       |       ||     1
 Armour: Animal skin       |    12 |       |       ||    12
         Scale mail        |    30 |    97 |    12 ||   139
         Ring mail         |     1 |       |       ||     1
  Dodge: Dodged            |   111 |   124 |     4 ||   239
